AoeStats
← EGthe@2nd

Migration

510032856Analyzed
1v1 RM · 2d ago on Sep 29, 2026· 65m 28s· 2 players
Game mode
Random Map
Map size
132×132
Population
200
Speed
Normal
Resources
Standard
Victory
Conquest
Starting age
Dark Age
Ending age
Imperial Age
RankedLock teamsTeams togetherTeam positionsShared explorationLock speedFull tech treeHidden civsTurbo modeCheats
Victory
Defeat
🇺🇸 Bohemians · United States
625
+18
🇨🇳 Britons · China
676
-18
EGthe@2nd
10:31 Feudal Age
10:57 Double-Bit Axe
15:48 Loom
16:41 Horse Collar
21:13 Castle Age
26:05 Chemistry
26:10 Pikeman
27:37 Murder Holes
28:27 Bow Saw
29:20 Fervor
29:31 Squires
29:23 Fletching
29:33 Padded Archer Armor
30:06 Ballistics
36:30 Imperial Age
34:37 Wheelbarrow
35:00 Town Watch
35:13 Herbal Medicine
35:41 Sanctity
35:42 Bodkin Arrow
36:02 Leather Archer Armor
35:58 Forging
35:48 Scale Mail Armor
36:34 Wagenburg Tactics
38:48 Medium Warships
39:14 Bracer
39:29 Leather Archer Armor
39:51 Iron Casting
39:34 Chain Mail Armor
40:10 Conscription
40:56 Hand Cart
40:44 Town Patrol
41:01 Halberdier
41:24 Elite Hussite Wagon
43:17 Houfnice
44:13 Arson
46:00 Loom
46:19 Man-at-Arms
46:52 Long Swordsman
48:40 Two-Man Saw
49:40 Blast Furnace
48:55 Chain Mail Armor
49:11 Ring Archer Armor
51:59 Two-Handed Swordsman
53:53 Elite Cannon Galleon
55:02 Heavy Warships
56:42 Champion
唐宋元明清
13:15 Feudal Age
13:57 Double-Bit Axe
14:29 Fishing Lines
20:43 Castle Age
21:27 Gillnets
22:16 Bow Saw
22:09 Gold Mining
24:09 Stone Mining
24:35 Medium Warships
31:30 Imperial Age
29:38 Wheelbarrow
28:50 Town Watch
30:09 Murder Holes
30:35 Ballistics
30:26 Clinker Construction
31:46 Fletching
32:39 Heavy Warships
32:37 Hand Cart
32:22 Town Patrol
33:01 Gold Shaft Mining
34:33 Two-Man Saw
34:07 Yeomen
33:52 Elite Longbowman
35:55 Masonry
35:25 Treadmill Crane
37:37 Architecture
37:35 Gambesons
37:53 Squires
37:14 Pikeman
38:42 Bodkin Arrow
40:49 Bracer
40:52 Halberdier
44:49 Hoardings
46:45 Conscription
47:47 Padded Archer Armor
47:48 Scale Mail Armor
47:53 Scale Barding Armor
49:23 Warwolf
51:06 Husbandry
50:26 Light Cavalry
55:16 Arrowslits
58:29 Chemistry
59:41 Cavalier
64:59 Chemistry
Connection lost

Rejoining the realm…

Still unreachable

The connection could not be restored.

Session expired

The server has moved on; the page needs a fresh start.